 Dungeon Crawl Stone Soup version 0.29-a0-822-ga620ab95ad (webtiles) character file.

Game seed: 10176196441664789490

322570 Querens the Peltast (level 23, -1/211 HPs)
             Began as a Meteoran Fighter on July 8, 2022.
             Was the Champion of Okawaru.
             Killed from afar by a lindwurm (4 damage)
             ... with a blast of flame
             ... on level 2 of the Vaults.
             The game lasted 01:50:04 (19568 turns).

Querens the Peltast (Meteoran Fighter)             Turns: 19568, Time: 01:50:05

Health: -1/211     AC: 38    Str: 30      XL:     23   Next: 7%
Magic:  39/39      EV: 13    Int:  8 (9)  God:    Okawaru [******]
Gold:   3533       SH: 17    Dex: 25      Spells: 41/44 levels left

rFire   . . .      SeeInvis +   K - +6 war axe of the Known World {vorpal, rElec rC+}
rCold   + . .      Faith    .   I - +0 kite shield {reflect}
rNeg    . . .      Spirit   .   p - +0 crystal plate armour
rPois   +          Reflect  +   r - +2 helmet
rElec   +          Harm     .   Q - +2 cloak
rCorr   +          Rampage  .   w - +0 pair of gloves of Hedonism {Will++ Dex+4}
Will    ++++.                   M - +0 pair of boots of Unambiguity {SInv}
Stlth   ..........              U - amulet of Harmony {RegenMP rPois Regen+ Dex+4}
HPRegen 2.05/turn               f - +4 ring of slaying
MPRegen 0.66/turn               y - ring of resist corrosion

@: glowing
A: sense surroundings 3, otherworldly, glowing, explore regen, camouflage 1,
deterioration 1, regeneration 1, strong 1
}: 3/15 runes: decaying, slimy, gossamer
a: Renounce Religion, Heroism, Finesse, Duel


You were on level 2 of the Vaults.
You worshipped Okawaru.
Okawaru was exalted by your worship.
You visited 8 branches of the dungeon, and saw 38 of its levels.
You also visited: Ossuary and Volcano.

You collected 4771 gold pieces.
You spent 1238 gold pieces at shops.

Inventory:

Hand Weapons
 t - a +2 broad axe of holy wrath
 x - a +3 vorpal broad axe
 K - the +6 war axe of the Known World (weapon) {vorpal, rElec rC+}
   (Okawaru gifted it to you on level 2 of the Orcish Mines)

   It inflicts extra damage upon your enemies.
   rC:        It protects you from cold.
   rElec:     It insulates you from electricity.
 T - a +2 broad axe of freezing
Armour
 o - the +0 cloak "Kasuhiaf" {Fly rPois Int+4}
   (Okawaru gifted it to you on level 5 of the Lair of Beasts)

   Int:       It affects your intelligence (+4).
   rPois:     It protects you from poison.
   Fly:       It grants you flight.
 p - a +0 crystal plate armour (worn)
 r - a +2 helmet (worn)
 w - the +0 pair of gloves of Hedonism (worn) {Will++ Dex+4}
   (Okawaru gifted it to you on level 12 of the Dungeon)

   Dex:       It affects your dexterity (+4).
   Will:      It greatly increases your willpower.
 I - a +0 kite shield of reflection (worn)
 M - the +0 pair of boots of Unambiguity (worn) {SInv}
   (Okawaru gifted it to you on level 9 of the Dungeon)

   SInv:      It lets you see invisible.
 P - the -1 kite shield of the Dropbear {rElec}
   (Okawaru gifted it to you on level 6 of the Lair of Beasts)

   rElec:     It insulates you from electricity.
 Q - a +2 cloak (worn)
 Z - the +4 Cigotuvi's embrace {rMiasma Drain rN+}
   (You found it on level 11 of the Dungeon)

   It gathers nearby corpses to temporarily increase the armour it provides.
   It protects you from foul pestilence.
   rN:        It protects you from negative energy.
   Drain:     It drains your maximum health when unequipped.
Jewellery
 b - a ring of wizardry
 f - a +4 ring of slaying (left hand)
 j - the ring "Noohi" {rN+ Will++ Int+2 Stlth+}
   (You found it on level 5 of the Pits of Slime)

   [ring of positive energy]

   Int:       It affects your intelligence (+2).
   rN:        It protects you from negative energy.
   Will:      It greatly increases your willpower.
   Stlth:     It makes you more stealthy.
 k - a ring of protection from fire
 l - a ring of poison resistance
 y - a ring of resist corrosion (right hand)
 z - a ring of wizardry
 N - a ring of see invisible
 U - the amulet of Harmony (around neck) {RegenMP rPois Regen+ Dex+4}
   (You found it on level 1 of the Vaults)

   [amulet of magic regeneration]

   It increases your rate of magic regeneration.
   Dex:       It affects your dexterity (+4).
   rPois:     It protects you from poison.
   Regen:     It increases your rate of health regeneration.
 V - a ring of protection from fire
Wands
 G - a wand of digging (17)
Scrolls
 a - 5 scrolls of magic mapping
 i - 13 scrolls of teleportation
 n - 4 scrolls of fear
 q - 8 scrolls of enchant weapon
 A - a scroll of blinking
 C - 3 scrolls of immolation
 E - 8 scrolls of enchant armour
 F - 2 scrolls of silence
 L - 6 scrolls of fog
 X - 4 scrolls of brand weapon
Potions
 c - 3 potions of haste
 d - 4 potions of might
 g - 5 potions of heal wounds
 h - 20 potions of curing
 m - 9 potions of brilliance
 s - 10 potions of flight
 v - 5 potions of magic
 B - 7 potions of lignification
 D - 5 potions of resistance
 H - 3 potions of berserk rage
 J - 5 potions of mutation
 R - 7 potions of attraction
 S - 3 potions of cancellation
 W - 8 potions of ambrosia


   Skills:
 + Level 18.4 Fighting
 + Level 19.6 Axes
 + Level 19.7 Armour
 - Level 10.0 Dodging
 + Level 19.8 Shields
 - Level 11.0 Spellcasting
 - Level 11.0 Translocations
 - Level 12.0 Invocations


You had 41 spell levels left.
You knew the following spells:

 Your Spells              Type           Power      Damage    Failure   Level
a - Apportation           Tloc           44%        N/A       2%          1
b - Blink                 Tloc           44%        N/A       3%          2

Your spell library contained the following spells:

 Spells                   Type           Power      Damage    Failure   Level
 Gell's Gravitas          Tloc           22%        N/A       7%          3
 Lesser Beckoning         Tloc           22%        N/A       7%          3
 Teleport Other           Tloc           22%        N/A       7%          3
 Manifold Assault         Tloc           22%        N/A       52%         5
 Portal Projectile        Hex/Tloc       26%        N/A       54%         3
 Magic Dart               Conj           16%        1d3       90%         1
 Necrotise                Necr           16%        1d4       90%         1
 Sting                    Tmut/Pois      16%        1d3       90%         1
 Poisonous Vapours        Pois/Air       8%         N/A       97%         2
 Static Discharge         Conj/Air       4%         3-4/arc   97%         2
 Conjure Flame            Conj/Fire      4%         6-21      99%         3
 Ignite Poison            Fire/Tmut/Pois 4%         N/A       99%         3
 Mephitic Cloud           Conj/Pois/Air  4%         N/A       99%         3
 Ozocubu's Armour         Ice            4%         N/A       99%         3
 Anguish                  Hex/Necr       2%         N/A       100%        4
 Corpse Rot               Necr/Pois/Air  4%         N/A       100%        4
 Dispel Undead            Necr           4%         3d7       100%        4
 Fulminant Prism          Conj/Hex       2%         3d6       100%        4
 Hailstorm                Conj/Ice       4%         3d4       100%        4
 Ice Form                 Ice/Tmut       4%         N/A       100%        4
 Leda's Liquefaction      Hex/Erth       2%         N/A       100%        4
 Olgreb's Toxic Radiance  Pois           4%         N/A       100%        4
 Sticky Flame             Conj/Fire      4%         2d3       100%        4
 Blade Hands              Tmut           2%         N/A       100%        5
 Metabolic Englaciation   Hex/Ice        2%         N/A       100%        5
 Call Imp                 Summ           Unusable   N/A       N/A         2
 Call Canine Familiar     Summ           Unusable   N/A       N/A         3
 Tukima's Dance           Hex            Unusable   N/A       N/A         3
 Simulacrum               Ice/Necr       Unusable   N/A       N/A         6

Dungeon Overview and Level Annotations

Branches:
Dungeon (14/15) Zot: 933   Temple (1/1) D:7 Zot: 584    Lair (6/6) D:11 Zot: 327
  Swamp (4/4) Lair:3 Zot: 586  Spider (4/4) Lair:3 Zot: 60   Slime (5/5) Lair:6 Zot: 1717
    Orc (2/2) D:11 Zot: 27     Elf (0/3) Orc:2        Vaults (2/5) D:14 Zot: 326
  Crypt (0/3) Vaults:2    Ossuary (visited)         Volcano (visited)

Altars:
Ashenzari
Cheibriados
Dithmenos
Elyvilon
Fedhas
Gozag
Hepliaklqana
Kikubaaqudgha
Makhleb
Nemelex Xobeh
Okawaru
Qazlal
Ru
Sif Muna
Trog
Uskayaw
Vehumet
Wu Jian
Xom
Yredelemnul
Zin
The Shining One
Jiyva

Shops:
D:7 [   D:9 *   Orc:2 =!:(

Annotations:
D:5 3 runed translucent doors, capka3m's ghost, novice DjHW


Innate Abilities, Weirdness & Mutations

You passively map a large area around you.
You are easily found by Zot.
You glow in the dark.
You regain HP and MP as you explore.
Your skin changes colour to match your surroundings (Stealth+).
Your body sometimes deteriorates upon taking damage.
Your natural rate of healing is unusually fast.
Your muscles are strong. (Str +4, Int/Dex -1)


Message History

Unknown command.
You slash the entropy weaver!
The entropy weaver is severely wounded.
You barely miss the lindwurm. You hit the lindwurm.
You hit the ironbound frostheart but do no damage.
You block the entropy weaver's attack.
The entropy weaver hits you but does no damage.
The entropy weaver hits you.
* * * LOW HITPOINT WARNING * * *
The entropy weaver hits you but does no damage.
Unknown command.
Unknown command.
Unknown command.
You hit the entropy weaver.
The entropy weaver is almost dead.
You hit the lindwurm. You slash the lindwurm!
You slash the ironbound frostheart! The ironbound frostheart touches you!
* * * LOW HITPOINT WARNING * * *
The ironbound frostheart freezes you! You resist.
* * * LOW HITPOINT WARNING * * *
You block the lindwurm's attack. x2; The lindwurm barely misses you.
The lindwurm completely misses you.
The lindwurm claws you but does no damage. x2
The entropy weaver casts a spell at you.
Unknown command.
Unknown command.
Your magical effects are unravelling.
You feel magically purged.
You are no longer corroded.
The human is recalled.
The vault sentinel is recalled.
The centaur is recalled. x2
The entropy weaver hits you but does no damage.
You block the entropy weaver's attack. The entropy weaver misses you.
The entropy weaver hits you but does no damage.
The ironbound frostheart touches you!!
* * * LOW HITPOINT WARNING * * *
The ironbound frostheart freezes you! You resist.
* * * LOW HITPOINT WARNING * * *
The lindwurm breathes flames at you. The blast of flame hits you.
You die...

, * #..... , #..... #.....
, , #..... ** #....>
,,.#.....* #..... * * ,
,,.'.....#################
,
,,#.p....................
, #......................
* * '
#p..pkp................ ,
#.p.pk@................ ,
* #.c.cB))...............
, ,
######'###############' ,
,, , #)# ###..... , , *
*,,* #)))#* ##....... ,,*,
#.....# ##........ *
*#.......# #.....###. , ,
, #^......# ##...### ## *
, , , ,*#^......# #....#


You could see an entropy weaver, an ironbound frostheart (strong), 2 vault
sentinels, 2 lindwurms, 2 ironbound convokers, a human and 2 centaurs.

Vanquished Creatures
  the Royal Jelly (Slime:5)
  12 acid blobs
  Kirke (Spider:1)
  Agnes (Spider:1)
  11 rockslimes
  Donald (Spider:2)
  4 fenstrider witches
  11 azure jellies
  2 orc warlords
  5 ghost moths
  6 vault wardens
  6 emperor scorpions
  6 ironbound preservers
  A war gargoyle (Vaults:2)
  10 quicksilver oozes
  3 ironbound thunderhulks
  8 eleionomae
  4 entropy weavers
  A bunyip (Swamp:4)
  A dire elephant (Vaults:1)
  5 spark wasps
  Snorg (D:10)
  The ghost of LetschGu the Slicer, a journeyman SpMo of Trog (Lair:3)
  3 shambling mangroves
  2 yaktaur captains
  5 great orbs of eyes
  Erolcha (D:9)
  13 hydras
  A catoblepas (Lair:6)
  2 ice dragons (Swamp:4)
  5 boulder beetles
  7 vault guards (Vaults:2)
  4 ironbound frosthearts
  2 jorogumos
  5 two-headed ogres
  2 ghost crabs
  A peacekeeper (Vaults:2)
  7 centaur warriors
  2 death knights (Vaults:2)
  10 alligators
  3 death yaks (Lair:6)
  5 orc high priests (Orc:2)
  Urug (D:11)
  Nergalle (D:10)
  A fire crab (Volcano)
  A skeletal warrior (D:14)
  Lodul (D:10)
  A shadow wraith (Vaults:2)
  8 pharaoh ants
  7 steelbarb worms
  13 deep trolls
  3 bog bodies
  3 spriggan druids
  A flayed ghost (Vaults:1)
  4 goliath frogs
  4 wizards
  6 swamp dragons
  8 orb spiders
  13 orc knights
  A glowing orange brain (Slime:2)
  2 necromancers
  7 lindwurms
  8 ironbound convokers
  3 harpies (Vaults:2)
  12 wolf spiders
  A deep elf pyromancer (D:13)
  6 shining eyes
  An orc sorcerer (Orc:2)
  4 manticores
  Maurice (D:9)
  2 cyclopes
  2 will-o-the-wisps
  15 ugly things
  10 vault sentinels
  5 moths of wrath
  13 elephants (Lair:6)
  A stone giant skeleton (Vaults:2)
  5 black mambas
  6 torpor snails
  Joseph (D:9)
  3 centaur skeletons (D:14)
  12 cane toads
  2 gargoyles
  An unseen horror (D:6)
  6 demonic crawlers
  4 rime drakes
  17 yaktaurs
  15 komodo dragons
  2 kobold demonologists (D:13)
  2 tengu conjurers (D:14)
  A yaktaur zombie (Vaults:2)
  4 freezing wraiths (Swamp:4)
  3 hellwings (D:11)
  3 meliai (D:13)
  25 hornets
  9 trolls
  Prince Ribbit (D:9)
  A hornet (shapeshifter) (D:14)
  7 tyrant leeches
  12 tarantellas
  A slime creature (shapeshifter) (Vaults:1)
  4 dream sheep
  13 blink frogs
  112 slime creatures
  14 jumping spiders
  2 shadows
  11 spriggans
  4 wraiths
  Grum (D:9)
  16 culicivoras
  43 yaks
  A human (Spider:1)
  4 fire bats (Volcano)
  6 hogs (Spider:1)
  5 vampire mosquitoes
  4 steam dragons
  5 wyverns
  9 golden eyes
  8 basilisks
  A human zombie (Vaults:2)
  3 swamp worm simulacra (Swamp:4)
  63 redbacks
  6 wargs
  15 hydra simulacra (Swamp:4)
  18 swamp worms
  2 acid dragons
  2 hell hounds (Volcano)
  16 water moccasins
  36 orc warriors
  An ice beast (D:6)
  4 swamp drakes
  3 black bears
  16 ogres
  26 wolves
  A phantom (D:7)
  6 centaurs
  8 kobold brigands
  5 scorpions (Lair:3)
  14 bullfrogs
  A gnoll sergeant (D:11)
  4 killer bees (D:8)
  6 electric eels
  4 howler monkeys
  7 hounds
  2 jellies (D:6)
  33 orc priests
  2 gnoll boudas (D:6)
  Natasha (thrice) (D:2)
  7 iguanas
  22 orc wizards
  2 boggart skeletons
  8 mummies (Ossuary)
  10 gnolls
  9 adders
  5 river rats (D:9)
  2 white imps
  5 swamp drake simulacra (Swamp:4)
  A worm (D:5)
  3 dart slugs
  83 orcs
  4 ball pythons
  5 bats
  3 endoplasms
  3 giant cockroaches
  2 gnoll zombies (Ossuary)
  11 goblins
  5 hobgoblins
  4 jackals
  26 kobolds
  4 quokkas
  3 frilled lizards
  A goblin zombie (D:4)
  2 hobgoblin zombies (Ossuary)
  4 kobold zombies (Ossuary)
  16 rats (D:9)
  A rat zombie (D:4)
1316 creatures vanquished.

Vanquished Creatures (others)
  An alligator (Swamp:4)
  A deep troll (Vaults:2)
  A spriggan druid (Swamp:1)
  2 spriggans (Swamp:2)
  2 orc wizards
  13 foxfires
  34 fungi
  57 plants
111 creatures vanquished.

Grand Total: 1427 creatures vanquished

Notes
Turn   | Place    | Note
-------+----------+-------------------------------------------
     0 | D:1      | Querens the Meteoran Fighter began the quest for the Orb.
     0 | D:1      | Reached XP level 1. HP: 19/19 MP: 2/2
   132 | D:1      | Reached XP level 2. HP: 22/26 MP: 3/3
   320 | D:1      | Reached XP level 3. HP: 28/31 MP: 4/4
   382 | D:1      | Found a faded altar of an unknown god.
   481 | D:1      | Glimpsed the power of Zot.
   531 | D:1      | Glimpsed the power of Zot.
   571 | D:1      | Glimpsed the power of Zot.
   742 | D:2      | Reached XP level 4. HP: 40/40 MP: 5/5
   746 | D:2      | Noticed Natasha
   751 | D:2      | Killed Natasha
   769 | D:2      | Noticed Natasha
   776 | D:2      | Killed Natasha
   777 | D:2      | Reached XP level 5. HP: 38/46 MP: 6/6
   796 | D:2      | Noticed Natasha
   802 | D:2      | Killed Natasha
  1033 | D:3      | Found an iron altar of Okawaru.
  1043 | D:3      | Became a worshipper of Warmaster Okawaru
  1149 | D:3      | Identified the +1 leather armour of Fedhas's Generosity
                  | {rC+ Int+3}
  1276 | D:4      | Reached XP level 6. HP: 51/53 MP: 7/7
  1356 | D:4      | Reached skill level 1 in Dodging
  1489 | D:4      | Reached skill level 5 in Shields
  1569 | D:4      | Found a sand-covered staircase.
  1576 | Ossuary  | Entered an ossuary
  1596 | Ossuary  | Reached skill level 5 in Armour
  1610 | Ossuary  | Reached XP level 7. HP: 32/60 MP: 8/8
  1832 | D:5      | Entered Level 5 of the Dungeon
  1854 | D:5      | Reached * piety under Okawaru
  1947 | D:5      | Reached skill level 5 in Fighting
  1966 | D:5      | Found a runed translucent gate.
  1967 | D:5      | Found a runed translucent gate.
  1968 | D:5      | Found a runed translucent gate.
  2123 | D:5      | Reached skill level 1 in Invocations
  2123 | D:5      | Reached XP level 8. HP: 68/68 MP: 9/9
  2139 | D:5      | Noticed a steam dragon
  2141 | D:5      | Noticed a steam dragon
  2152 | D:5      | Killed a steam dragon
  2153 | D:5      | Reached skill level 5 in Axes
  2194 | D:5      | Noticed capka3m's ghost (novice DjHW)
  2230 | D:6      | Reached ** piety under Okawaru
  2275 | D:6      | Killed an unseen horror
  2290 | D:6      | Reached *** piety under Okawaru
  2291 | D:6      | Gained mutation: You passively map the area around you.
                  | [Meteoran growth]
  2291 | D:6      | Reached XP level 9. HP: 37/75 MP: 12/12
  2363 | D:6      | Found a transporter.
  2439 | D:6      | Found a transporter.
  2549 | D:6      | Reached skill level 5 in Dodging
  2670 | D:6      | Reached **** piety under Okawaru
  2911 | D:7      | Reached skill level 5 in Invocations
  2911 | D:7      | Reached XP level 10. HP: 83/84 MP: 14/14
  3000 | D:7      | Found a staircase to the Ecumenical Temple.
  3059 | D:7      | Found Cithaol's Antique Armour Shoppe.
  3162 | D:7      | Found a shimmering blue altar of Sif Muna.
  3171 | D:7      | Got Sif Muna's Spellbook of Despicable Liturgies
  3173 | D:7      | Got Sif Muna's Quarto of Battle Magic
  3175 | D:7      | Got Sif Muna's Papyrus of Displacement
  3221 | D:7      | Learned a level 1 spell: Apportation
  3285 | Temple   | Entered the Ecumenical Temple
  3566 | D:8      | Noticed a two-headed ogre
  3582 | D:8      | Killed a two-headed ogre
  3668 | D:8      | Reached ***** piety under Okawaru
  4014 | D:9      | Noticed Erolcha
  4024 | D:9      | Reached XP level 11. HP: 93/94 MP: 14/17
  4031 | D:9      | Killed Erolcha
  4031 | D:9      | Identified the +0 pair of boots of Unambiguity {SInv}
                  | (Okawaru gifted it to you on level 9 of the Dungeon)
  4031 | D:9      | Received a gift from Okawaru
  4073 | D:9      | Found a bloodstained altar of Trog.
  4286 | D:9      | Found a white marble altar of Elyvilon.
  4293 | D:9      | Found a blossoming altar of Fedhas.
  4338 | D:9      | Found Ytuwnoi's General Store.
  4341 | D:9      | Bought a scroll of fog for 28 gold pieces
  4394 | D:9      | Noticed Maurice
  4404 | D:9      | Killed Maurice
  4442 | D:9      | Noticed Prince Ribbit
  4442 | D:9      | Noticed Grum
  4456 | D:9      | Killed Prince Ribbit
  4462 | D:9      | Killed Grum
  4512 | D:9      | Noticed Joseph
  4514 | D:9      | Paralysed by Joseph for 4 turns
  4524 | D:9      | Killed Joseph
  4579 | D:9      | Found a snail-covered altar of Cheibriados.
  4629 | D:9      | Found an ornate altar of the Wu Jian Council.
  4659 | D:10     | Entered Level 10 of the Dungeon
  4659 | D:10     | Noticed Nergalle
  4673 | D:10     | Noticed a spectral orc warlord
  4771 | D:10     | Noticed a three-headed hydra
  4784 | D:10     | Killed a one-headed hydra
  4785 | D:10     | Reached XP level 12. HP: 85/103 MP: 19/19
  4845 | D:10     | Noticed Lodul
  4862 | D:10     | Killed Lodul
  4927 | D:10     | Noticed Snorg
  4968 | D:10     | Killed Snorg
  4969 | D:10     | Reached skill level 10 in Armour
  4969 | D:10     | Reached skill level 10 in Shields
  4985 | D:10     | Killed Nergalle
  4985 | D:10     | Identified the +5 trident of the Modern Dreams {elec, *Rage
                  | *Noise rElec rCorr} (Okawaru gifted it to you on level 10
                  | of the Dungeon)
  4985 | D:10     | Received a gift from Okawaru
  5017 | D:10     | Noticed a deep troll
  5028 | D:10     | Killed a deep troll
  5181 | D:11     | Noticed a boulder beetle
  5182 | D:11     | Noticed a two-headed ogre
  5183 | D:11     | Noticed a four-headed hydra
  5214 | D:10     | Killed a boulder beetle
  5215 | D:10     | Reached skill level 10 in Axes
  5242 | D:11     | Noticed a two-headed ogre
  5249 | D:11     | Killed a two-headed ogre
  5261 | D:11     | Noticed a two-headed ogre
  5275 | D:11     | Killed a two-headed ogre
  5327 | D:11     | Killed a one-headed hydra
  5328 | D:11     | Reached XP level 13. HP: 87/113 MP: 21/21
  5370 | D:11     | Killed a two-headed ogre
  5391 | D:11     | Noticed Urug
  5413 | D:11     | Killed Urug
  5414 | D:11     | Reached skill level 10 in Invocations
  5419 | D:11     | Reached skill level 10 in Fighting
  5535 | D:11     | Found a staircase to the Lair.
  5767 | D:11     | Reached skill level 10 in Dodging
  5771 | D:11     | Found a staircase to the Orcish Mines.
  5898 | D:11     | Found the +4 Cigotuvi's embrace {rMiasma Drain rN+}
  5984 | Orc:1    | Entered Level 1 of the Orcish Mines
  6199 | Orc:2    | Entered Level 2 of the Orcish Mines
  6238 | Orc:2    | Received a gift from Okawaru
  6463 | Orc:2    | Found a staircase to the Elven Halls.
  7013 | Orc:2    | Identified the +6 war axe of the Known World {vorpal, rElec
                  | rC+} (Okawaru gifted it to you on level 2 of the Orcish
                  | Mines)
  7013 | Orc:2    | Received a gift from Okawaru
  7116 | Orc:2    | Glimpsed the power of Zot.
  7169 | Orc:2    | Glimpsed the power of Zot.
  7220 | Orc:2    | Reached XP level 14. HP: 124/124 MP: 23/23
  7221 | Orc:2    | Glimpsed the power of Zot.
  7237 | Orc:2    | Touched by the power of Zot.
  7252 | Orc:2    | HP: 1/92 [orc knight/+0 long sword (33)]
  7267 | Orc:2    | Found Counwiem's Antique Weapon Shoppe.
  7267 | Orc:2    | Found Ohihos's Jewellery Shoppe.
  7273 | Orc:2    | Found Faamem Gady's Book Shoppe.
  7273 | Orc:2    | Found Gang's Distillery.
  7293 | Orc:2    | Bought a potion of flight for 42 gold pieces
  7293 | Orc:2    | Bought a potion of mutation for 112 gold pieces
  7293 | Orc:2    | Bought a potion of cancellation for 112 gold pieces
  7293 | Orc:2    | Bought 2 potions of heal wounds for 140 gold pieces
  7293 | Orc:2    | Bought a potion of attraction for 42 gold pieces
  7293 | Orc:2    | Bought a potion of curing for 42 gold pieces
  7293 | Orc:2    | Bought a potion of curing for 42 gold pieces
  7293 | Orc:2    | Bought a potion of curing for 42 gold pieces
  7293 | Orc:2    | Bought a potion of lignification for 42 gold pieces
  7293 | Orc:2    | Bought 2 potions of flight for 84 gold pieces
  7294 | Orc:2    | Bought an amulet of regeneration for 510 gold pieces
  7355 | Orc:2    | Glimpsed the power of Zot.
  7405 | Orc:2    | Glimpsed the power of Zot.
  7513 | Lair:1   | Entered Level 1 of the Lair of Beasts
  8021 | Lair:2   | Identified the +3 hand axe of the Moth {flame, rCorr Str+2}
                  | (Okawaru gifted it to you on level 2 of the Lair of Beasts)
  8021 | Lair:2   | Received a gift from Okawaru
  8027 | Lair:2   | Reached ****** piety under Okawaru
  8276 | Lair:3   | Identified the +8 rapier "Jaetol" {drain, rN+ Will- SInv}
                  | (Okawaru gifted it to you on level 3 of the Lair of Beasts)
  8276 | Lair:3   | Received a gift from Okawaru
  8355 | Lair:3   | Found a dark tunnel.
  8369 | Volcano  | Entered a volcano
  8580 | Lair:3   | Found a staircase to the Swamp.
  8712 | Lair:3   | Found a hole to the Spider Nest.
  8759 | Lair:3   | Found a runed translucent door.
  8760 | Lair:3   | Identified the +9 trident of Understanding {vorpal, Int+2}
  8761 | Lair:3   | Noticed LetschGu's ghost (journeyman SpMo)
  8773 | Lair:3   | Killed LetschGu's ghost
  8791 | Lair:3   | Got the Atlas of Malediction
  8855 | Lair:4   | Reached XP level 15. HP: 133/133 MP: 25/25
  8977 | Lair:4   | Learned a level 2 spell: Blink
  9253 | Lair:4   | Reached skill level 1 in Translocations
  9254 | Lair:4   | Reached skill level 1 in Spellcasting
  9423 | Lair:5   | Identified the +0 cloak "Kasuhiaf" {Fly rPois Int+4}
                  | (Okawaru gifted it to you on level 5 of the Lair of Beasts)
  9423 | Lair:5   | Received a gift from Okawaru
  9762 | Lair:6   | Entered Level 6 of the Lair of Beasts
  9810 | Lair:6   | Found a staircase to the Slime Pits.
  9811 | Lair:6   | Found a viscous altar of Jiyva.
 10351 | Lair:6   | Identified the -1 kite shield of the Dropbear {rElec}
                  | (Okawaru gifted it to you on level 6 of the Lair of Beasts)
 10351 | Lair:6   | Received a gift from Okawaru
 10352 | Lair:6   | Reached XP level 16. HP: 129/143 MP: 26/26
 10434 | Lair:6   | Reached skill level 5 in Translocations
 10436 | Lair:6   | Reached skill level 5 in Spellcasting
 10566 | Spider:1 | Entered Level 1 of the Spider Nest
 10606 | Spider:1 | Noticed Agnes
 10616 | Spider:1 | Killed Agnes
 10628 | Spider:1 | Noticed Kirke
 10658 | Spider:1 | Killed Kirke
 10813 | Spider:1 | Noticed an emperor scorpion
 10831 | Spider:1 | Killed an emperor scorpion
 11123 | Spider:1 | Glimpsed the power of Zot.
 11156 | Spider:1 | Identified the +1 ring mail "Mocwoowa" {Rampage rElec rF+
                  | Regen+} (Okawaru gifted it to you on level 1 of the Spider
                  | Nest)
 11156 | Spider:1 | Received a gift from Okawaru
 11158 | Spider:1 | Noticed a ghost moth
 11170 | Spider:1 | Killed a ghost moth
 11177 | Spider:1 | Glimpsed the power of Zot.
 11217 | Spider:1 | Glimpsed the power of Zot.
 11225 | Spider:1 | Noticed an emperor scorpion
 11227 | Spider:1 | Touched by the power of Zot.
 11235 | Spider:1 | Killed an emperor scorpion
 11377 | Spider:2 | Noticed an emperor scorpion
 11402 | Spider:2 | Killed an emperor scorpion
 11500 | Spider:2 | Noticed an emperor scorpion
 11522 | Spider:2 | Reached XP level 17. HP: 74/144 MP: 22/28
 11670 | Spider:2 | Noticed Donald
 11696 | Spider:2 | Killed Donald
 11849 | Spider:3 | Reached skill level 15 in Shields
 11907 | Spider:3 | Reached skill level 15 in Armour
 12251 | Spider:3 | Identified a scroll of acquirement
 12252 | Spider:3 | Acquired 1051 gold pieces
 12289 | Spider:3 | Received a gift from Okawaru
 12467 | Spider:3 | Reached skill level 15 in Axes
 12543 | Spider:4 | Entered Level 4 of the Spider Nest
 12821 | Spider:4 | Identified the +6 chain mail of the Moon {-Tele rN+ Dex+4
                  | Stlth+} (Okawaru gifted it to you on level 4 of the Spider
                  | Nest)
 12821 | Spider:4 | Received a gift from Okawaru
 13107 | Spider:4 | Got a gossamer rune of Zot
 13137 | Spider:4 | Gained mutation: You passively map a large area around you.
                  | [Meteoran growth]
 13137 | Spider:4 | Reached XP level 18. HP: 161/161 MP: 31/31
 13256 | Spider:1 | Glimpsed the power of Zot.
 13342 | Swamp:1  | Entered Level 1 of the Swamp
 13391 | Swamp:1  | HP: 7/161 [six-headed hydra (3)]
 13653 | Swamp:1  | Identified the +3 short sword "Xom's Attic" {flame, rCorr
                  | Int+3} (Okawaru gifted it to you on level 1 of the Swamp)
 13653 | Swamp:1  | Received a gift from Okawaru
 13961 | Swamp:2  | Paralysed by a fenstrider witch for 3 turns
 13972 | Swamp:2  | Found a bloodstained altar of Trog.
 14272 | Swamp:2  | Received a gift from Okawaru
 14333 | Swamp:2  | Found a sacrificial altar of Ru.
 14398 | Swamp:3  | Reached skill level 15 in Fighting
 14564 | Swamp:3  | Received a gift from Okawaru
 14640 | Swamp:3  | Found a sparkling altar of Nemelex Xobeh.
 14673 | Swamp:3  | Reached skill level 10 in Translocations
 14762 | Swamp:4  | Entered Level 4 of the Swamp
 14770 | Swamp:4  | Reached skill level 10 in Spellcasting
 14800 | Swamp:4  | Reached XP level 19. HP: 129/170 MP: 34/34
 14863 | Swamp:4  | Reached XP level 20. HP: 131/179 MP: 35/35
 15008 | Swamp:4  | Received a gift from Okawaru
 15051 | Swamp:4  | Paralysed by a hornet for 1 turns
 15284 | Swamp:4  | Got a decaying rune of Zot
 15458 | Slime:1  | Entered Level 1 of the Pits of Slime
 16161 | Slime:3  | Identified the +6 quick blade "Oteu" {flame, Will+ Int+4}
                  | (Okawaru gifted it to you on level 3 of the Pits of Slime)
 16161 | Slime:3  | Received a gift from Okawaru
 16193 | Slime:3  | Gained mutation: You are frail. (-10% HP) [a shining eye]
 16196 | Slime:3  | Gained mutation: Your magical capacity is low. (-10% MP) [a
                  | shining eye]
 16199 | Slime:3  | Gained mutation: You occasionally lose the ability to read
                  | scrolls when taking damage. [a shining eye]
 16328 | Slime:4  | Gained mutation: You occasionally shout uncontrollably at
                  | your foes. [a shining eye]
 16341 | Slime:4  | Reached XP level 21. HP: 107/170 MP: 33/33
 16429 | Slime:5  | Entered Level 5 of the Pits of Slime
 16430 | Slime:5  | Lost mutation: You are frail. (-10% HP) [potion of
                  | mutation]
 16430 | Slime:5  | Lost mutation: You occasionally shout uncontrollably at
                  | your foes. [potion of mutation]
 16430 | Slime:5  | Lost mutation: You occasionally lose the ability to read
                  | scrolls when taking damage. [potion of mutation]
 16430 | Slime:5  | Gained mutation: Your muscles are strong. (Str +4, Int/Dex
                  | -1) [potion of mutation]
 16430 | Slime:5  | Gained mutation: Your body sometimes deteriorates upon
                  | taking damage. [potion of mutation]
 16430 | Slime:5  | Gained mutation: Your skin changes colour to match your
                  | surroundings (Stealth+). [potion of mutation]
 16504 | Slime:5  | Found a viscous altar of Jiyva.
 16504 | Slime:5  | Noticed the Royal Jelly
 16522 | Slime:5  | Received a gift from Okawaru
 16531 | Slime:5  | Killed the Royal Jelly
 16531 | Slime:5  | Received a gift from Okawaru
 16579 | Slime:5  | Identified the +4 plate armour of Demons {Str+3}
 16595 | Slime:5  | Identified the ring "Noohi" {rN+ Will++ Int+2 Stlth+}
 16654 | Slime:5  | Got a slimy rune of Zot
 16751 | Slime:5  | Gained mutation: You do not regenerate when monsters are
                  | visible. [a shining eye]
 16853 | Slime:5  | Lost mutation: Your muscles are strong. (Str +4, Int/Dex
                  | -1) [potion of mutation]
 16853 | Slime:5  | Lost mutation: Your magical capacity is low. (-10% MP)
                  | [potion of mutation]
 16853 | Slime:5  | Lost mutation: You do not regenerate when monsters are
                  | visible. [potion of mutation]
 16853 | Slime:5  | Gained mutation: Your muscles are strong. (Str +4, Int/Dex
                  | -1) [potion of mutation]
 16853 | Slime:5  | Gained mutation: Your natural rate of healing is unusually
                  | fast. [potion of mutation]
 17158 | D:12     | Found a stormy altar of Qazlal.
 17551 | D:12     | Identified the +0 pair of gloves of Hedonism {Will++ Dex+4}
                  | (Okawaru gifted it to you on level 12 of the Dungeon)
 17551 | D:12     | Received a gift from Okawaru
 18107 | D:14     | Found a sacrificial altar of Ru.
 18143 | D:14     | Found a gate to the Vaults.
 18597 | Vaults:1 | Entered Level 1 of the Vaults
 18630 | Vaults:1 | Reached XP level 22. HP: 170/200 MP: 38/38
 18745 | Vaults:1 | Received a gift from Okawaru
 18864 | Vaults:1 | Identified the amulet of Harmony {RegenMP rPois Regen+
                  | Dex+4}
 19259 | Vaults:2 | Found a staircase to the Crypt.
 19529 | Vaults:2 | Received a gift from Okawaru
 19537 | Vaults:2 | Reached XP level 23. HP: 182/210 MP: 39/39
 19568 | Vaults:2 | HP: 3/211 [ironbound frostheart (16)]
 19568 | Vaults:2 | Killed from afar by a lindwurm

Illustrated notes

Levels and vault maps discovered:
D:1:      wander_arrival_estate, layout_basic, shapermc_ecumenical_altar_venn,
          minmay_vboxes
D:2:      layout_rooms, uniq_natasha
D:3:      layout_rooms, okawaru_ov_weapons_minmay
D:4:      layout_gridville, enter_ossuary_4
D:5:      kennysheep_steamy, layout_cave_pools, gammafunk_ghost_icy,
          chequers_serial_rivers_large_a
D:6:      gammafunk_steamed_eel, layout_loops_cross, minmay_chambers_of_fives
D:7:      layout_loops_cross, nicolae_sif_muna_little_library,
          minmay_temple_entry_sparse_star, serial_shops, nicolae_stop_n_shop_1,
          kennysheep_doodads, minmay_unpleasant_kobolds
D:8:      layout_basic
D:9:      layout_basic, nicolae_overflow_hidden_temple, kennysheep_mini_moat,
          mainiacjoe_overflow_paths, amethyst_overflow_temple_binary,
          serial_shops, kennysheep_mini, dk_rats_in_the_wall,
          uniq_prince_ribbit1, uniq_grum, uniq_maurice, uniq_joseph,
          uniq_erolcha
D:10:     dreamdust_cave_troll, layout_rooms, chequers_serial_rivers_micro_b,
          serial_bayou_pond_e, minivault_16, hangedman_ranch, uniq_snorg,
          uniq_lodul, uniq_nergalle
D:11:     layout_irregular_city, erik_lair_dragon, erik_orc_3,
          serial_bayou_pond_b, hellmonk_guarded_unrand_cigotuvi, uniq_urug
D:12:     layout_irregular_city, st_stairs_5,
          eino_small_chamber_without_monster, nicolae_qazlal_style_of_elements
D:13:     layout_rooms, hex_large
D:14:     layout_basic, hangedman_vaults_entry_quadrant_bands,
          minmay_door_square, minmay_misc_feat_iff, hangedman_ru_absence
Temple:   hellmonk_temple_two_chambers
Lair:1:   layout_roguey, lemuel_fruit_fields
Lair:2:   beast_lair_carwin_large_1, layout_layer_cave, minmay_hedge_maze
Lair:3:   layout_chaotic_city, swamp_mist, nicolae_spider_entry_non_spiders,
          ebering_ghost_funeral_grove, nicolae_volcano_entry_hallway,
          serial_bayou_lagoon_a
Lair:4:   layout_hall_layers, infiniplex_staircase_pool_2, lemuel_fruit_tree,
          grunt_megastairs_5
Lair:5:   layout_loops_ring, grunt_megastairs_1, serial_bayou_shore_b
Lair:6:   hangedman_lair_in_review, layout_gridlike, slime_entry_1,
          eino_small_chamber_without_monster, wad_woods_road_03
Swamp:1:  layout_basic_swamp, nicolae_swamp_little_tower,
          infiniplex_staircase_pool
Swamp:2:  layout_falls_marsh, nicolae_swamp_very_dense_foliage, swamp_pool1,
          lemuel_altar_in_water2, nicolae_swamp_godswood,
          cheibrodos_swamp_witchery
Swamp:3:  nicolae_swamp_wrong_neighborhood, layout_falls_marsh, basic_altar,
          swamp_pool3
Swamp:4:  swamp_icy, layout_basic_swamp
Spider:1: layout_chambers, uniq_agnes, uniq_kirke
Spider:2: nicolae_spider_hilbert_zone_5 [nicolae_spider_hilbert_3_sides_1_open,
          nicolae_spider_hilbert_4_sides_1_open,
          nicolae_spider_hilbert_4_sides_1_open,
          nicolae_spider_hilbert_6_sides_1_open,
          nicolae_spider_hilbert_6_sides_1_open], uniq_donald
Spider:3: layout_chambers
Spider:4: spider_rune_water, drop_trap
Slime:1:  layout_caves
Slime:2:  layout_caves
Slime:3:  layout_caves
Slime:4:  layout_caves, cheibrodos_slime_lost_civilization_7
Slime:5
Orc:1:    layout_caves, hellmonk_bongcloud_opening
Orc:2:    st_orc_pillars, layout_caves, nooodl_orcs_dogs
Vaults:1: nicolae_vaults_theta, dpeg_vaults_monster_box, hangedman_vaults_trim,
          hangedman_vaults_hat, nicolae_vaults_network_quinsquares
          [nicolae_vaults_network_quincunx_subvault,
          nicolae_vaults_network_quincunx_subvault,
          nicolae_vaults_network_quincunx_subvault,
          nicolae_vaults_network_quincunx_subvault], ontoclasm_vaults_pinch,
          vaults_dpeg_encased_lava, special_room_vaults [special_room_orc],
          vaults_room_hallway, vaults_standard_mumra_lines,
          ontoclasm_vaults_shuriken, vaults_mumra_minichess_inversion,
          layout_vaults_maze_snakey
Vaults:2: vaults_dpeg_cross, nicolae_vaults_bisected_inception,
          hangedman_vaults_nodes, grunt_vaults_hallway_short,
          nicolae_vaults_stairing_the_circle, v_alt_pattern_5,
          nicolae_vaults_holding_cells, blue_anna_dwarven_crypt,
          hangedman_vaults_maws, v_rooms_2, layout_vaults_ring, serial_shops,
          nicolae_shop_advertising_works [nicolae_subvault_shop_adworks]

Skill      XL: |  1  2  3  4  5  6  7  8  9 10 11 12 13 14 15 16 17 18 19 20 21 22 |
---------------+-------------------------------------------------------------------+-----
Shields        | 4 5 6 7 8 9 10 11 13 14 15 16 17 18 19 | 19.8
Armour         | 4 5 6 7 8 9 10 11 13 14 15 16 17 18 19 | 19.7
Axes           | 3 4 5 6 8 9 10 11 12 13 14 15 16 17 18 19 | 19.6
Fighting       | 4 5 6 7 8 9 11 12 13 14 15 16 17 18 | 18.4
Dodging        | 1 2 4 5 6 8 9 10 | 10.0
Invocations    | 1 3 5 6 8 9 11 12 | 12.0
Translocations | 4 6 8 10 11 | 11.0
Spellcasting   | 4 7 8 10 11 | 11.0

Action                   |  1- 3 |  4- 6 |  7- 9 | 10-12 | 13-15 | 16-18 | 19-21 | 22-24 || total
-------------------------+-------+-------+-------+-------+-------+-------+-------+-------++-------
Melee: War axe           |    67 |    98 |   162 |   440 |   624 |  1011 |   828 |   347 ||  3577
       Falchion          |       |       |       |    11 |    35 |    27 |    15 |       ||    88
       Broad axe         |       |       |       |       |   262 |       |       |       ||   262
Throw: Throwing net      |       |       |       |       |       |       |     1 |       ||     1
 Cast: Blink             |       |       |       |       |       |       |     1 |       ||     1
Invok: Heroism           |       |       |     4 |    13 |    15 |    13 |    11 |     6 ||    62
       Finesse           |       |       |       |     4 |     4 |     5 |     1 |       ||    14
Evoke: Wand              |       |       |    10 |    18 |    20 |     2 |       |       ||    50
       Tin of tremorston |       |       |       |       |     2 |       |       |       ||     2
  Use: Scroll            |       |       |    10 |     7 |     8 |    11 |       |     1 ||    37
       Potion            |       |       |       |       |     6 |     4 |     4 |     1 ||    15
 Stab: Paralysed         |       |       |       |     7 |       |       |       |       ||     7
       Distracted        |       |       |       |       |     1 |       |       |       ||     1
       Confused          |       |       |       |       |       |     1 |       |       ||     1
Armor: Scale mail        |    37 |    52 |    55 |       |       |       |       |       ||   144
       Chain mail        |       |       |     9 |    17 |       |       |       |       ||    26
       Crystal plate arm |       |       |       |   249 |   463 |   724 |   556 |   145 ||  2137
Dodge: Dodged            |    25 |    33 |    97 |   151 |   314 |   322 |   268 |   143 ||  1353
Block: Buckler           |    24 |    46 |    63 |   226 |   450 |       |       |       ||   809
       Kite shield       |       |       |       |       |       |   813 |   642 |   345 ||  1800
       Reflection        |       |       |       |       |       |     7 |    21 |    25 ||    53

Table legend: (Time is in decaauts)
 A = Elapsed time spent in this place.
 B = Non-inter-level travel time spent in this place.
 C = Inter-level travel time spent in this place.
 D = Time resting spent in this place.
 E = Time spent auto-exploring this place.
 F = Levels seen in this place.
 G = Mean time per level.
                   A        B        C        D        E       F      G
               +--------+--------+--------+--------+--------+-----+--------+
         Total |  18956 |  16785 |   2171 |    171 |      0 |  40 |  473.9 |
       Dungeon |   7466 |   6693 |    773 |      0 |      0 |  14 |  533.3 |
        Temple |     15 |     12 |      3 |      0 |      0 |   1 |   15.0 |
          Lair |   3272 |   2742 |    530 |    134 |      0 |   6 |  545.3 |
         Swamp |   1813 |   1634 |    179 |     19 |      0 |   4 |  453.2 |
   Spider Nest |   2540 |   2224 |    316 |      0 |      0 |   4 |  635.0 |
    Slime Pits |   1282 |   1168 |    114 |     18 |      0 |   5 |  256.4 |
  Orcish Mines |   1372 |   1130 |    242 |      0 |      0 |   2 |  686.0 |
        Vaults |    872 |    861 |     11 |      0 |      0 |   2 |  436.0 |
       Ossuary |    181 |    181 |      0 |      0 |      0 |   1 |  181.0 |
       Volcano |    139 |    139 |      0 |      0 |      0 |   1 |  139.0 |
               +--------+--------+--------+--------+--------+-----+--------+

Top non-repeatable levels by time:
   Orc:2: 970 daAuts
    D:11: 889 daAuts
  Lair:6: 849 daAuts
Spider:3: 799 daAuts
Spider:1: 723 daAuts
  Lair:3: 686 daAuts
     D:9: 685 daAuts
     D:6: 615 daAuts
     D:7: 614 daAuts
     D:8: 603 daAuts
     D:1: 593 daAuts
    D:14: 590 daAuts
  Lair:4: 572 daAuts
 Swamp:2: 549 daAuts
 Swamp:4: 544 daAuts
